 Dungeon Crawl Stone Soup version 0.16-a0-2093-g8c923f7 (webtiles) character file.

28 PolkaDot the Caller (level 3, 0/27 HPs)
             Began as a Vampire Summoner on Nov 12, 2014.
             Succumbed to an adder's poison
             ... on level 2 of the Dungeon.
             The game lasted 00:02:46 (1159 turns).

PolkaDot the Caller (Vampire Summoner)              Turns: 1159, Time: 00:02:46

Health: 0/27       AC:  2    Str: 12    XL:     3   Next: 0%
Magic:  0/6        EV: 12    Int: 18    God:
Gold:   22         SH:  0    Dex: 14    Spells: 2 memorised, 3 levels left

rFire  . . .     SeeInvis +     c - +0 spear
rCold  . . .     Clarity  .     a - +0 robe
rNeg   . . .     SustAb   .     (no shield)
rPois  .         Gourm    .     (no helmet)
rElec  .         Spirit   .     (no cloak)
rCorr  .         Warding  .     (no gloves)
rMut   .         Stasis   .     (no boots)
MR     .....                    (no amulet)
Stlth  ++........               (no ring)
                                (no ring)

@: mighty, lethally poisoned, regenerating quickly, not resistant to hostile
enchantments, unstealthy
A: fangs 3, see invisible, unbreathing
a: no special abilities


You were on level 2 of the Dungeon.
You were very full.

You visited 1 branch of the dungeon, and saw 2 of its levels.

You collected 22 gold pieces.

Inventory:

Hand weapons
 c - a +0 spear (weapon)
Armour
 a - a +0 robe (worn)
Scrolls
 d - 2 scrolls of recharging {unknown}
 e - a scroll of identify {unknown}
 g - 2 scrolls of fear {unknown}
Books
 b - a book of Callings

   Spells                             Type                      Level
   *Summon Small Mammal               Summoning                    1
   *Call Imp                          Summoning                    2
   Call Canine Familiar               Summoning                    3
   Summon Guardian Golem              Hexes/Summoning              4
   Summon Lightning Spire             Summoning/Air                4
   Summon Ice Beast                   Ice/Summoning                4


   Skills:
 * Level 1.8 Fighting
 - Level 2.1 Dodging
 - Level 3.0 Stealth
 - Level 2.0 Spellcasting
 + Level 4.3 Summonings


You had 3 spell levels left.
You knew the following spells:

 Your Spells              Type           Power        Failure   Level  Hunger
a - Summon Small Mammal   Summ           ###.         3%          1    #......
s - Call Imp              Summ           ###.....     6%          2    ###....


Dungeon Overview and Level Annotations

Branches:
Dungeon (2/15)

Altars:


Innate Abilities, Weirdness & Mutations

Your natural rate of healing is unusually fast.
You have razor-sharp teeth.
You have supernaturally acute eyesight.
You can survive without breathing.


Message History

The adder bites you.
* * * LOW HITPOINT WARNING * * *
You are more poisoned.
The adder poisons you!
Your quokka completely misses the adder.
Your quokka closely misses the adder.
The adder bites you.
* * * LOW HITPOINT WARNING * * *
You are more poisoned.
The adder poisons you!
Your quokka closely misses the adder.
* * * LOW HITPOINT WARNING * * *
You feel sick.
Your quokka barely misses the adder.
Your rat bites the adder.
Drink which item? (? for menu, Esc to quit)
You feel very mighty all of a sudden.
It was a potion of might.
* * * LOW HITPOINT WARNING * * *
You feel sick.
Your quokka closely misses the adder.
The adder misses you.
Your quokka closely misses the adder.
Your rat misses the adder. You hit the adder.
The adder is severely wounded.
You die...

##########
#........# ####
#.######.# #..# #.#
#.# #..# #.# #.#
#..# #.# #.# #rr#
#.# #.# #.S####.#
###.#
#r@5....####.#.#
##...........#.#
.......#########.#.#
......# #.#.#
.......# #.#.#
......# #.#.#
......# #.#.# .....#
#.#.# ..# #.#.#


You could see an adder, a friendly crimson imp, 2 friendly quokkas and a
friendly rat.

Vanquished Creatures
  A giant cockroach (D:1)
  6 hobgoblins (D:1)
  6 bats
  2 goblins (D:1)
  A kobold (D:1)
  2 rats (D:1)
18 creatures vanquished.

Vanquished Creatures (collateral kills)
  An adder (D:1)
  A giant gecko (D:1)
  A rat (D:1)
3 creatures vanquished.

Vanquished Creatures (others)
  A quokka (D:2)
  A rat (D:2)
2 creatures vanquished.

Grand Total: 23 creatures vanquished

Notes
Turn   | Place    | Note
--------------------------------------------------------------
     0 | D:1      | PolkaDot, the Vampire Summoner, began the quest for the Orb.
     0 | D:1      | Reached XP level 1. HP: 13/13 MP: 3/3
   212 | D:1      | Reached skill level 1 in Fighting
   380 | D:1      | Reached XP level 2. HP: 1/21 MP: 1/4
   916 | D:1      | Learned a level 2 spell: Call Imp
  1085 | D:2      | Reached XP level 3. HP: 24/27 MP: 6/6
  1158 | D:2      | HP: 1/27 [poisoned by an adder]
  1159 | D:2      | Succumbed to an adder's poison

Action                   || total
-------------------------++-------
Melee: Spear             ||    73
       Unarmed           ||    13
 Cast: Summon Small Mamm ||    13
       Call Imp          ||     1
  Use: Potion            ||     2
 Stab: Sleeping          ||     5
  Eat: Corpse            ||    10
